 Seeded DCSS version 0.30-a0-859-gf88a04b62d (webtiles) character file.

Game seed: 18242870539230726858 (custom seed)

118984 bmack86 the Severer (level 16, -3/147 HPs)
             Began as a Minotaur Fighter on Mar 6, 2023.
             Was a High Priest of Okawaru.
             Slain by a naga warrior
             ... wielding a +0 flail
              (29 damage)
             ... on level 1 of the Snake Pit.
             The game lasted 01:08:46 (21184 turns).

bmack86 the Severer (Minotaur Fighter)             Turns: 21184, Time: 01:08:46

Health: -3/147     AC: 33    Str: 29    XL:     16   Next: 26%
Magic:  23/23      EV:  5    Int:  9    God:    Okawaru [*****.]
Gold:   2539       SH: 15    Dex: 16    Spells: 15/15 levels left

rFire   + . .      SeeInvis .    O - +8 broad axe (flame)
rCold   x . .      Faith    .    M - +1 kite shield
rNeg    . . .      Spirit   .    r - +7 chain mail of Dogma {rElec}
rPois   +          Reflect  .    e - +2 hat
rElec   +          Rampage  .    H - +2 cloak
rCorr   .                        S - +2 pair of gloves {Dex+3}
Will    ++...                    j - +2 pair of boots {Fly} Stlth
                                 o - amulet of regeneration
HPRegen 1.24/turn                T - ring "Tus Lor" {rElec rPois Int+4}
MPRegen 0.18/turn                Y - ring of Relativism {Fire Will+ Dex+3}

@: flying, constricted
A: horns 2, retaliatory headbutt
a: Renounce Religion, Heroism, Finesse, Duel


You were on level 1 of the Snake Pit.
You worshipped Okawaru.
Okawaru was extremely pleased with you.
You visited 5 branches of the dungeon, and saw 24 of its levels.
You also visited: Bailey.

You collected 3760 gold pieces.
You spent 1221 gold pieces at shops.

Inventory:

Hand Weapons
 b - the +5 broad axe of Indomitability {heavy, +Blink Fly Str-4}
   (You acquired it on level 7 of the Dungeon)

   Str:       It affects your strength (-4).
   Fly:       It grants you flight.
   +Blink:    It lets you blink.
 J - a +5 war axe of draining
 O - a +8 broad axe of flaming (weapon)
Missiles
 a - 9 silver javelins
 w - 37 boomerangs (quivered)
 F - a throwing net
 K - 4 curare-tipped darts
Armour
 e - a +2 hat (worn)
 j - a +2 pair of boots of flying (worn)
 r - the +7 chain mail of Dogma (worn) {rElec}
   (You found it on level 5 of the Lair of Beasts)

   rElec:     It insulates you from electricity.
 H - a +2 cloak (worn)
 L - a scarf of resistance
 M - a +1 kite shield (worn)
 S - a +2 pair of gloves of dexterity (worn)
Jewellery
 g - a ring of ice
 h - a ring of positive energy
 k - a ring of poison resistance
 o - an amulet of regeneration (around neck)
 q - a +6 ring of dexterity
 t - a ring of resist corrosion
 y - a ring of protection from cold
 C - a +6 ring of intelligence
 D - a +6 ring of strength
 I - an amulet of the acrobat
 R - a ring of protection from fire
 T - the ring "Tus Lor" (left hand) {rElec rPois Int+4}
   (You bought it in a shop on level 1 of the Orcish Mines)

   [ring of poison resistance]

   Int:       It affects your intelligence (+4).
   rElec:     It insulates you from electricity.
   rPois:     It protects you from poison.
 V - a +6 ring of dexterity
 Y - the ring of Relativism (right hand) {Fire Will+ Dex+3}
   (You found it on level 14 of the Dungeon)

   [ring of fire]

   It enhances your fire magic.
   Dex:       It affects your dexterity (+3).
   rF:        It protects you from fire.
   rC:        It makes you vulnerable to cold.
   Will:      It increases your willpower.
Wands
 i - a wand of mindburst (28)
 B - a wand of polymorph (2)
 E - a wand of digging (6)
 N - a wand of roots (16)
 W - a wand of acid (11)
Scrolls
 d - 13 scrolls of identify
 f - 9 scrolls of fear
 m - a scroll of teleportation
 u - 2 scrolls of fog
 v - a scroll of poison
 x - 2 scrolls of blinking
 G - 2 scrolls of magic mapping
 Q - a scroll of silence
Potions
 c - 2 potions of ambrosia
 l - 2 potions of cancellation
 n - 4 potions of haste
 p - a potion of invisibility
 s - 2 potions of heal wounds
 z - a potion of magic
 A - 6 potions of curing
 P - a potion of resistance
 U - 4 potions of flight
 X - 3 potions of brilliance


   Skills:
 + Level 14.9 Fighting
 - Level 18.0 Axes
 - Level 10.0 Throwing
 + Level 14.9 Armour
 + Level 14.9 Shields
 + Level 11.9 Invocations


You had 15 spell levels left.
You didn't know any spells.
Your spell library contained the following spells:

 Spells                   Type           Power      Damage    Failure   Level
 Kiss of Death            Conj/Necr      0%         2d5       94%         1
 Magic Dart               Conj           0%         1d3       94%         1
 Sandblast                Erth           0%         2d4       94%         1
 Ensorcelled Hibernation  Hex/Ice        0%         N/A       98%         2
 Lesser Beckoning         Tloc           0%         N/A       98%         2
 Passwall                 Tmut/Erth      0%         N/A       98%         2
 Confusing Touch          Hex            0%         N/A       100%        3
 Gell's Gravitas          Tloc           0%         N/A       100%        3
 Hailstorm                Conj/Ice       0%         3d3       100%        3
 Inner Flame              Hex/Fire       0%         N/A       100%        3
 Kindle Blastsparks       Fire/Tloc/Air  0%         2d10      100%        3
 Mephitic Cloud           Conj/Pois/Air  0%         N/A       100%        3
 Portal Projectile        Hex/Tloc       0%         N/A       100%        3
 Spider Form              Tmut/Pois      0%         N/A       100%        3
 Stone Arrow              Conj/Erth      0%         3d7       100%        3
 Teleport Other           Tloc           0%         N/A       100%        3
 Anguish                  Hex/Necr       0%         N/A       100%        4
 Cause Fear               Hex            0%         N/A       100%        4
 Dispel Undead            Necr           0%         3d6       100%        4
 Fulminant Prism          Conj/Hex       0%         3d5       100%        4
 Ice Form                 Ice/Tmut       0%         N/A       100%        4
 Iskenderun's Mystic Bla  Conj/Tloc      0%         2d3       100%        4
 Blade Hands              Tmut           0%         N/A       100%        5
 Lee's Rapid Deconstruct  Erth           0%         3d4*      100%        5
 Discord                  Hex            0%         N/A       100%        8
 Call Imp                 Summ           Unusable   N/A       N/A         2
 Tukima's Dance           Hex            Unusable   N/A       N/A         3
 Simulacrum               Ice/Necr       Unusable   N/A       N/A         6

Dungeon Overview and Level Annotations

Branches:
Dungeon (15/15)            Temple (1/1) D:6            Lair (5/5) D:10
  Swamp (0/4) Lair:3        Snake (1/4) Lair:3        Slime (0/5) Lair:5
    Orc (2/2) D:10            Elf (0/3) Orc:2        Vaults (0/5) D:14
 Depths (0/4) D:15         Bailey (visited)

Altars:
Ashenzari
Cheibriados
Dithmenos
Elyvilon
Fedhas
Gozag
Hepliaklqana
Kikubaaqudgha
Makhleb
Nemelex Xobeh
Okawaru
Qazlal
Ru
Sif Muna
Trog
Uskayaw
Vehumet
Wu Jian
Xom
Yredelemnul
Zin
The Shining One
Jiyva

Shops:
D:1 ((*[*   D:2 *   D:6 *   Orc:1 =   Orc:2 =*=((   Snake:1 *

Annotations:
Temple 4 transporters
Lair:3 3 runed translucent doors, Jeuts's ghost, journeyman MiFi


Innate Abilities, Weirdness & Mutations

You have a pair of horns on your head.
You reflexively headbutt those who attack you in melee.


Message History

The naga warrior spits poison at you. The splash of poison hits you.
You resist.
A naga warrior comes into view. It is wielding a +0 dire flail.
The black mamba bites you but does no damage. x2
You closely miss the black mamba.
The black mamba is moderately wounded.
You slash the black mamba! You burn the black mamba.
You slice the naga warrior!! You burn the naga warrior.
You slash the black mamba! You burn the black mamba.
You block the black mamba's attack. The black mamba bites you!
You block the black mamba's attack.
The black mamba bites you but does no damage.
The naga warrior hits you with a +0 battleaxe!!
The naga warrior grabs you. The naga warrior constricts you.
You slash the black mamba! You burn the black mamba.
Your headbutt misses the black mamba.
The black mamba is almost dead.
You slash the black mamba! You burn the black mamba.
You kill the black mamba!
Okawaru accepts your kill.
You slash the naga warrior! You burn the naga warrior.
You hit the black mamba but do no damage.
You hit the naga warrior. You burn the naga warrior.
You block the black mamba's attack. The black mamba barely misses you.
You furiously retaliate!
You headbutt the black mamba!
The naga ritualist calls down the wrath of its god upon you.
You resist with almost no effort.
The naga warrior hits you with a +0 flail!!
The black mamba bites you but does no damage.
You feel much better.
The black mamba bites you but does no damage.
The naga warrior hits you with a +0 battleaxe!!!
* * * LOW HITPOINT WARNING * * *
The naga warrior constricts you.
The black mamba bites you but does no damage.
A naga warrior comes into view. It is wielding a +0 scimitar.
The black mamba bites you!
* * * LOW HITPOINT WARNING * * *
The naga warrior hits you with a +0 flail!!
You die...

####.. .... #. ......
.N# #### #.. ....##.N#
# #... ........ #
....##......#.# #
.........$#.#.#
...............
....N.NSN.....[
.......@S......
..#.#...##.?.......
##......###.......##
..................#
##.................#
...................##
..# ##..............#
...###...............#
.#.##................#


You could see 4 naga warriors, a naga ritualist (strong, catching breath) and 2
black mambas.

Vanquished Creatures
  Rupert (D:12)
  Frances (D:13)
  The ghost of Pooter the Severer, an adept MiBe of Trog (Snake:1)
  An orc warlord (Bailey)
  Nessos (Orc:2)
  5 hydras
  8 vault guards (D:14)
  A catoblepas (Lair:1)
  5 boulder beetles
  An ogre mage (D:15)
  12 two-headed ogres
  Erica (Lair:2)
  6 tengu warriors
  9 death yaks
  3 naga warriors (Snake:1)
  A vampire mage (D:15)
  The ghost of relicbr the Covert, a journeyman SpDe of Dithmenos (D:10)
  7 orc high priests
  2 skysharks
  Sonja (Lair:3)
  The ghost of avis the Skirmisher, a novice DgHs (D:8)
  2 skeletal warriors (D:15)
  Lodul (D:12)
  Pikel (D:8)
  2 obsidian statues
  3 deep elf pyromancers
  A necromancer (D:15)
  13 orc knights
  A wizard (D:14)
  A mana viper (Snake:1)
  A fire giant zombie (D:15)
  3 oklob plants
  3 orc sorcerers (Orc:1)
  5 ugly things (D:14)
  4 cyclopes
  3 manticores
  23 elephants
  An ice statue (D:14)
  2 naga magi (Snake:1)
  Maurice (D:8)
  A gargoyle (D:13)
  A torpor snail (Lair:5)
  16 black mambas
  10 cane toads
  A kobold demonologist (D:14)
  A rime drake (Lair:2)
  Maggie (D:10)
  7 komodo dragons
  A spriggan zombie (D:15)
  2 tengu conjurers
  2 efreet
  6 trolls
  3 meliai (D:14)
  A troll (shapeshifter) (D:14)
  13 polar bears
  A blink frog (shapeshifter) (D:15)
  7 blink frogs (Lair:2)
  2 raiju (Lair:5)
  An ettin zombie (D:15)
  2 vampires
  A spriggan (Lair:1)
  Sigmund (D:2)
  4 shadows
  2 water elementals (D:15)
  7 wraiths
  5 wyverns
  45 yaks
  4 basilisks
  A hog (shapeshifter) (D:15)
  5 steam dragons
  11 vampire mosquitoes
  3 nagas (Snake:1)
  11 wargs
  A glowing shapeshifter zombie (D:15)
  2 acid dragons (D:10)
  13 hell hounds (Lair:5)
  12 water moccasins
  16 black bears
  40 orc warriors
  14 ogres
  A sky beast (D:7)
  26 wolves
  10 centaurs
  3 phantoms
  3 kobold brigands
  12 bullfrogs
  A scorpion (D:4)
  8 wights
  6 killer bees
  7 howler monkeys
  6 electric eels
  A lava snake (Lair:5)
  3 hounds
  A jelly (D:7)
  28 orc priests
  3 gnoll boudas
  5 iguanas
  2 hell rats (D:10)
  A sleepcap (D:5)
  17 orc wizards
  22 gnolls
  8 adders
  A shadow imp (D:6)
  2 white imps
  An ufetubus (D:6)
  A worm (D:2)
  2 dart slugs
  82 orcs
  7 ball pythons
  6 endoplasms
  7 giant cockroaches
  19 goblins
  12 hobgoblins
  7 quokkas
  9 bats
  15 frilled lizards
  34 kobolds
  8 rats
804 creatures vanquished.

Vanquished Creatures (others)
  The ghost of NinjaNoafa the Magician, an amateur DrAE of Cheibriados (D:7)
  25 fungi
  99 plants
  A withered plant (D:15)
126 creatures vanquished.

Grand Total: 930 creatures vanquished

Notes
Turn   | Place    | Note
-------+----------+-------------------------------------------
     0 | D:1      | bmack86 the Minotaur Fighter began the quest for the Orb.
     0 | D:1      | Reached XP level 1. HP: 19/19 MP: 0/0
   242 | D:1      | Reached XP level 2. HP: 27/27 MP: 1/1
   243 | D:1      | Found Iczoal's Antique Armour Shop.
   354 | D:1      | Found Mapt's Weapon Shop.
   361 | D:1      | Reached skill level 3 in Axes
   416 | D:1      | Found Ridunu's General Store.
   547 | D:1      | Found Gaux's General Store.
   724 | D:1      | Found Mazynewu's Weapon Shoppe.
   949 | D:2      | Noticed Sigmund
   955 | D:2      | Reached XP level 3. HP: 33/33 MP: 2/2
   968 | D:2      | Killed Sigmund
   969 | D:2      | Reached skill level 4 in Axes
   969 | D:2      | Reached XP level 4. HP: 34/41 MP: 3/3
   969 | D:2      | Reached XP level 5. HP: 39/47 MP: 4/4
  1239 | D:2      | Reached skill level 5 in Axes
  1311 | D:2      | Found Qerurash's Assorted Antiques.
  1331 | D:2      | Bought a thin malachite amulet for 125 gold pieces
  1499 | D:2      | Identified the +0 leather armour of Xuytoo {rF++ rN+}
  1699 | D:2      | Reached XP level 6. HP: 55/55 MP: 5/5
  1928 | D:3      | Reached skill level 5 in Fighting
  1928 | D:3      | Reached skill level 5 in Armour
  2054 | D:3      | Reached skill level 5 in Shields
  2693 | D:4      | Found a sacrificial altar of Ru.
  2694 | D:4      | Found an iron altar of Okawaru.
  2705 | D:4      | Became a worshipper of Warmaster Okawaru
  2726 | D:4      | Reached skill level 6 in Axes
  2726 | D:4      | Reached XP level 7. HP: 43/61 MP: 6/6
  2836 | D:4      | Found an opulent altar of Gozag.
  3227 | D:4      | Reached skill level 1 in Throwing
  3400 | D:5      | Entered Level 5 of the Dungeon
  3465 | D:5      | Reached skill level 1 in Invocations
  3568 | D:5      | Reached * piety under Okawaru
  3578 | D:5      | Identified the +0 quarterstaff "Mujap" {heavy, Will+}
  3644 | D:5      | Reached skill level 7 in Axes
  3644 | D:5      | Reached XP level 8. HP: 70/70 MP: 8/8
  4053 | D:5      | Identified a scroll of acquirement
  4053 | D:5      | Acquired the +6 chain mail of Insatiable Hunger {Drain +Inv
                  | rPois rF+}
  4285 | D:6      | Found Yffurim's Assorted Antiques.
  4288 | D:6      | Bought a scroll labelled ZUSI RYIMEBAANG for 29 gold pieces
  4437 | D:6      | Found a staircase to the Ecumenical Temple.
  4455 | Temple   | Entered the Ecumenical Temple
  4455 | Temple   | Found a transporter.
  4455 | Temple   | Found a transporter.
  4457 | Temple   | Found a transporter.
  4457 | Temple   | Found a transporter.
  4693 | D:6      | Reached ** piety under Okawaru
  4885 | D:6      | Found a snail-covered altar of Cheibriados.
  4911 | D:6      | Found an ornate altar of the Wu Jian Council.
  5089 | D:7      | Acquired the +5 broad axe of Indomitability {heavy, +Blink
                  | Fly Str-4}
  5167 | D:7      | Found a flagged portal.
  5179 | Bailey   | Entered a bailey
  5184 | Bailey   | Noticed an orc warlord
  5208 | Bailey   | Reached skill level 8 in Axes
  5284 | Bailey   | Noticed an orc knight
  5293 | Bailey   | Noticed an orc knight
  5301 | Bailey   | Killed an orc knight
  5302 | Bailey   | Reached XP level 9. HP: 14/78 MP: 8/10
  5303 | Bailey   | Killed an orc knight
  5303 | Bailey   | Reached *** piety under Okawaru
  5304 | Bailey   | Reached skill level 9 in Axes
  5329 | Bailey   | Found a runed translucent gate.
  5330 | Bailey   | Found a runed translucent gate.
  5331 | Bailey   | Found a runed translucent gate.
  5461 | Bailey   | Killed an orc warlord
  5486 | Bailey   | Acquired 330 gold pieces
  5608 | D:7      | Found a runed translucent door.
  5704 | D:7      | Reached XP level 10. HP: 82/88 MP: 12/12
  5716 | D:7      | Received a gift from Okawaru
  5717 | D:7      | Reached skill level 10 in Axes
  6226 | D:7      | Noticed NinjaNoafa's ghost (amateur DrAE)
  6613 | D:7      | Killed NinjaNoafa's ghost
  6664 | D:8      | Found a runed translucent door.
  6665 | D:8      | Noticed avis's ghost (novice DgHs)
  6784 | D:8      | Reached skill level 5 in Invocations
  6785 | D:8      | Reached skill level 5 in Throwing
  6785 | D:8      | Reached **** piety under Okawaru
  7057 | D:8      | Noticed Pikel
  7065 | D:8      | Killed Pikel
  7066 | D:8      | Reached skill level 11 in Axes
  7250 | D:8      | Received a gift from Okawaru
  7502 | D:8      | Noticed Maurice
  7507 | D:8      | Killed Maurice
  7560 | D:8      | Killed avis's ghost
  7561 | D:8      | Reached XP level 11. HP: 93/95 MP: 12/14
  7608 | D:9      | Noticed a two-headed ogre
  7618 | D:9      | Killed a two-headed ogre
  7770 | D:9      | Noticed a two-headed ogre
  7770 | D:9      | Noticed a two-headed ogre
  7779 | D:9      | Killed a two-headed ogre
  7782 | D:9      | Killed a two-headed ogre
  7783 | D:9      | Reached skill level 12 in Axes
  8328 | D:10     | Entered Level 10 of the Dungeon
  8352 | D:10     | Reached ***** piety under Okawaru
  8353 | D:10     | Found a staircase to the Orcish Mines.
  8476 | D:10     | Received a gift from Okawaru
  8543 | D:10     | Noticed Maggie
  8551 | D:10     | Killed Maggie
  8708 | D:10     | Noticed a death yak
  8710 | D:10     | Found a staircase to the Lair.
  8711 | D:10     | Noticed a death yak
  8711 | D:10     | Noticed a death yak
  8717 | D:10     | Killed a death yak
  8722 | D:10     | Killed a death yak
  8740 | D:10     | Killed a death yak
  8740 | D:10     | Received a gift from Okawaru
  8853 | D:10     | Found a runed translucent gate.
  8853 | D:10     | Found a runed translucent gate.
  8853 | D:10     | Found a runed translucent gate.
  8855 | D:10     | Noticed relicbr's ghost (journeyman SpDe)
  8898 | D:10     | Killed relicbr's ghost
  8899 | D:10     | Reached skill level 13 in Axes
  8899 | D:10     | Reached skill level 10 in Armour
  8899 | D:10     | Reached XP level 12. HP: 87/106 MP: 16/16
  9224 | D:1      | Bought a scroll of identify for 20 gold pieces
  9224 | D:1      | Bought a scroll of enchant weapon for 75 gold pieces
  9224 | D:1      | Bought a scroll of identify for 20 gold pieces
  9224 | D:1      | Bought a scroll of identify for 20 gold pieces
  9320 | D:2      | Bought 2 sedimented yellow potions for 45 gold pieces
  9320 | D:2      | Bought a scroll labelled ARRYLA AGUOGG for 25 gold pieces
  9522 | Lair:1   | Entered Level 1 of the Lair of Beasts
  9580 | Lair:1   | You are sucked into a shaft and drop 1 floor!
  9588 | Lair:2   | Reached skill level 10 in Fighting
  9672 | Lair:2   | Reached skill level 10 in Shields
  9751 | Lair:2   | Received a gift from Okawaru
  9751 | Lair:2   | Reached ****** piety under Okawaru
  9849 | Lair:2   | Noticed Erica
  9858 | Lair:2   | Killed Erica
 10052 | Lair:1   | Received a gift from Okawaru
 10150 | Lair:1   | Noticed a catoblepas
 10159 | Lair:1   | Killed a catoblepas
 10634 | Lair:2   | Noticed a six-headed hydra
 10642 | Lair:2   | Killed a two-headed hydra
 10655 | Lair:2   | Reached skill level 14 in Axes
 10774 | Lair:2   | Noticed a six-headed hydra
 10785 | Lair:2   | Killed a two-headed hydra
 10785 | Lair:2   | Received a gift from Okawaru
 10879 | Lair:2   | Noticed a boulder beetle
 10893 | Lair:2   | Killed a boulder beetle
 11228 | Lair:3   | Found a staircase to the Snake Pit.
 11240 | Lair:3   | Noticed a minotaur
 11241 | Lair:3   | Noticed Jeuts's ghost (journeyman MiFi)
 11325 | Lair:3   | Found a runed translucent gate.
 11325 | Lair:3   | Found a runed translucent gate.
 11325 | Lair:3   | Found a runed translucent gate.
 11347 | Lair:3   | Noticed Sonja
 11351 | Lair:3   | Killed Sonja
 11402 | Lair:3   | Reached XP level 13. HP: 115/115 MP: 18/18
 11444 | Lair:3   | Found a staircase to the Swamp.
 12179 | Snake:1  | Entered Level 1 of the Snake Pit
 12226 | Lair:4   | Reached skill level 15 in Axes
 12496 | Lair:4   | Received a gift from Okawaru
 12789 | Lair:5   | Entered Level 5 of the Lair of Beasts
 12963 | Lair:5   | Received a gift from Okawaru
 13166 | Lair:5   | Reached XP level 14. HP: 104/126 MP: 19/19
 13218 | Lair:5   | Reached skill level 16 in Axes
 13304 | Lair:5   | Found a viscous altar of Jiyva.
 13305 | Lair:5   | Found a staircase to the Slime Pits.
 13798 | Lair:5   | Received a gift from Okawaru
 13868 | Lair:5   | Identified the +7 chain mail of Dogma {rElec}
 14696 | D:11     | Found a glowing silver altar of Zin.
 14750 | D:12     | Noticed Rupert
 14767 | D:12     | HP: 4/127 [Rupert/+4 great mace of holy wrath (30)]
 14769 | D:12     | HP: 1/127 [Rupert/+4 great mace of holy wrath (4)]
 14772 | D:12     | Killed Rupert
 15117 | D:12     | Received a gift from Okawaru
 15141 | D:12     | Noticed Lodul
 15157 | D:12     | Reached skill level 17 in Axes
 15163 | D:12     | Reached skill level 10 in Invocations
 15165 | D:12     | Killed Lodul
 15253 | D:12     | Identified the +2 sling of the Old World {drain, Contam Fly
                  | Str+3}
 15303 | D:12     | You are sucked into a shaft and drop 3 floors!
 15303 | D:15     | Entered Level 15 of the Dungeon
 15389 | D:15     | Received a gift from Okawaru
 15579 | D:15     | Reached skill level 10 in Throwing
 15651 | D:15     | Reached XP level 15. HP: 135/135 MP: 21/21
 15667 | D:15     | Found a staircase to the Depths.
 15685 | D:15     | Received a gift from Okawaru
 16556 | D:14     | Received a gift from Okawaru
 16629 | D:14     | Found a gate to the Vaults.
 16695 | D:14     | Reached skill level 18 in Axes
 16991 | D:14     | Identified the +1 robe "Xuilifab" {Rampage *Slow rN++}
 17076 | D:14     | Received a gift from Okawaru
 17165 | D:14     | Identified the ring of Relativism {Fire Will+ Dex+3}
 17342 | D:13     | Noticed Frances
 17371 | D:13     | Killed Frances
 18434 | Orc:1    | Entered Level 1 of the Orcish Mines
 18585 | Orc:1    | Found Mafeef's Jewellery Boutique.
 18655 | Orc:1    | Bought the ring "Tus Lor" {rElec rPois Int+4} for 720 gold
                  | pieces
 18984 | Orc:2    | Entered Level 2 of the Orcish Mines
 19022 | Orc:2    | Found Dippuek's Jewellery Shop.
 19440 | Orc:2    | Found a staircase to the Elven Halls.
 19481 | Orc:2    | Noticed Nessos
 19505 | Orc:2    | Killed Nessos
 20359 | Orc:2    | Received a gift from Okawaru
 20369 | Orc:2    | Reached XP level 16. HP: 103/147 MP: 23/23
 20627 | Orc:2    | Found Dobrygiq's Weapon Emporium.
 20627 | Orc:2    | Found Gohuizu's Weapon Emporium.
 20628 | Orc:2    | Found Yroi's General Store.
 20628 | Orc:2    | Found Fuyrou's Jewellery Shoppe.
 20638 | Orc:2    | Bought a scroll of silence for 142 gold pieces
 20975 | Snake:1  | Found a runed translucent gate.
 20975 | Snake:1  | Found a runed translucent gate.
 20975 | Snake:1  | Found a runed translucent gate.
 20976 | Snake:1  | Found an opulent altar of Gozag.
 20976 | Snake:1  | Found Wupnuc's Assorted Antiques.
 20976 | Snake:1  | Noticed Pooter's ghost (adept MiBe)
 21013 | Snake:1  | Received a gift from Okawaru
 21044 | Snake:1  | Killed Pooter's ghost
 21133 | Snake:1  | Found a shadowy altar of Dithmenos.
 21184 | Snake:1  | Slain by a naga warrior

Illustrated notes

Levels and vault maps discovered:
D:1:      dpeg_arrival_stone_temple_mockup, layout_basic, serial_shops, shop,
          shop_statue, shop_statue, nicolae_shop_advertising_works
          [nicolae_subvault_shop_adworks], nicolae_shop_bloodbath_and_beyond,
          minmay_lizard_king
D:2:      layout_loops_ring, serial_shops, nicolae_lakefront_shop,
          minmay_pentomino_pile, uniq_sigmund
D:3:      layout_loops_ring
D:4:      layout_cave_pods, grunt_gozag_statues,
          mainiacjoe_overflow_divided_tiny
D:5:      minmay_angry_zag, layout_gridville
D:6:      layout_basic, mainiacjoe_overflow_two_lobes,
          minmay_temple_entry_slanted, serial_shops, nicolae_stop_n_shop_2,
          hangedman_decor_growths
D:7:      layout_layer_cave, enter_bailey_3, ebering_ghost_reflecting_pool
D:8:      layout_loops_cross, ebering_ghost_inner_flame, serial_bayou_lake_a,
          uniq_pikel, uniq_maurice
D:9:      layout_long_grid, lightli_fourway_metalbox
D:10:     hangedman_cross_stitches, layout_cave_pools, dpeg_lair_monsters,
          minmay_orc_entry_temple_small, ebering_ghost_rock_garden, uniq_maggie
D:11:     layout_rooms, zin_scriptorium
D:12:     layout_cave_pods, uniq_lodul, uniq_rupert
D:13:     layout_gridville, minmay_misc_feat_alley, uniq_frances
D:14:     layout_loops_ring, erik_vaults_2, minmay_more_statues
D:15:     gammafunk_depths_entry_grave, layout_basic,
          hangedman_decor_clover_reticule, minmay_misc_feat_more_columns
Temple:   hellmonk_temple_divided_pantheon
Lair:1:   layout_concentric_octagons, grunt_forest_large_clearing_hut,
          lemuel_fruit_tree
Lair:2:   layout_chaotic_city, uniq_erica
Lair:3:   minmay_lair_oklob_chamber, layout_long_grid, minmay_swamp_entry_swarm,
          dummy_snake_entry, maelrawn_ghost_gauntlet_escape, grunt_megastairs_2,
          uniq_sonja
Lair:4:   layout_hall_layers
Lair:5:   hangedman_lair_caniforms_friends, layout_gridlike, slime_entry_1,
          hangedman_lair_unloving_vines
Snake:1:  layout_rooms, basic_altar, ebering_ghost_gozag
Orc:1:    cheibrodos_orc_bank, layout_caves, basic_altar, serial_shops,
          nicolae_shop_competitors_out_of_business
Orc:2:    st_orc_pillars, layout_caves, serial_shops, nicolae_shop_statue_plus,
          mines3_lemuel, uniq_nessos

Skill      XL: |  1  2  3  4  5  6  7  8  9 10 11 12 13 14 15 |
---------------+----------------------------------------------+-----
Axes           | 3 4 5 6 7 8 9 11 13 14 15 17 18 | 18.0
Fighting       | 4 5 6 7 8 9 10 12 13 14 | 14.9
Armour         | 4 5 7 8 10 11 12 13 14 | 14.9
Shields        | 4 5 6 7 8 9 10 12 13 14 | 14.9
Throwing       | 2 3 4 5 6 8 9 10 | 10.0
Invocations    | 2 3 4 5 7 8 9 10 11 | 11.9

Action                     |  1- 3 |  4- 6 |  7- 9 | 10-12 | 13-15 | 16-18 || total
---------------------------+-------+-------+-------+-------+-------+-------++-------
  Melee: War axe           |    60 |   116 |   135 |       |       |       ||   311
         Headbutt          |     5 |    20 |    32 |    70 |   233 |    28 ||   388
         Broad axe         |       |       |    60 |   434 |   897 |   116 ||  1507
  Throw: Boomerang         |       |     5 |       |     2 |    58 |       ||    65
 Invoke: Heroism           |       |       |     2 |     8 |    13 |     1 ||    24
         Finesse           |       |       |       |     2 |     5 |     1 ||     8
Ability: Evoke Invisibilit |       |       |     1 |       |       |       ||     1
    Use: Scroll            |       |     2 |     9 |    23 |     8 |     2 ||    44
         Potion            |       |       |     1 |       |     8 |     2 ||    11
   Stab: Invisible         |       |       |     1 |       |     6 |     8 ||    15
         Distracted        |       |       |       |       |     1 |       ||     1
 Armour: Scale mail        |    42 |    28 |       |       |       |       ||    70
         Plate armour      |       |    53 |   121 |       |       |       ||   174
         Chain mail        |       |       |    70 |   372 |   830 |    51 ||  1323
  Dodge: Dodged            |    43 |    68 |    74 |   161 |   357 |    19 ||   722
  Block: Buckler           |    18 |    45 |    50 |   132 |   296 |       ||   541
         Kite shield       |       |       |       |       |   295 |    73 ||   368

Table legend: (Time is in decaauts)
 A = Elapsed time spent in this place.
 B = Non-inter-level travel time spent in this place.
 C = Inter-level travel time spent in this place.
 D = Time resting spent in this place.
 E = Time spent auto-exploring this place.
 F = Levels seen in this place.
 G = Mean time per level.
                   A        B        C        D        E       F      G
               +--------+--------+--------+--------+--------+-----+--------+
         Total |  21169 |  20004 |   1165 |    769 |  12339 |  25 |  846.8 |
       Dungeon |  13552 |  12714 |    838 |    235 |   8803 |  15 |  903.5 |
        Temple |     29 |     29 |      0 |      0 |      0 |   1 |   29.0 |
          Lair |   4662 |   4445 |    217 |    248 |   2686 |   5 |  932.4 |
     Snake Pit |    316 |    315 |      1 |      0 |    109 |   1 |  316.0 |
  Orcish Mines |   2260 |   2152 |    108 |    286 |    648 |   2 | 1130.0 |
        Bailey |    348 |    348 |      0 |      0 |     93 |   1 |  348.0 |
               +--------+--------+--------+--------+--------+-----+--------+

Top non-repeatable levels by time:
   Orc:2: 1500 daAuts
     D:7: 1381 daAuts
  Lair:5: 1235 daAuts
  Lair:3: 1093 daAuts
     D:2: 1064 daAuts
     D:1: 1046 daAuts
    D:15: 1027 daAuts
     D:8: 994 daAuts
     D:4: 949 daAuts
     D:5: 934 daAuts
    D:12: 917 daAuts
    D:10: 892 daAuts
    D:14: 882 daAuts
  Lair:1: 858 daAuts
  Lair:2: 807 daAuts
